 Dungeon Crawl Stone Soup version 0.28-a0-95-g65e1ffefe4 (webtiles) character file.

Game seed: 13853798040364915015

5488 zluc the Fighter (level 10, -3/90 HPs)
             Began as a Green Draconian Conjurer on Aug 8, 2021.
             Was a Believer of Vehumet.
             Slain by a troll (7 damage)
             ... on level 8 of the Dungeon.
             The game lasted 00:57:28 (12411 turns).

zluc the Fighter (Green Draconian Conjurer)        Turns: 12411, Time: 00:57:29

Health: -3/90      AC:  8    Str: 10    XL:     10   Next: 42%
Magic:  18/22      EV: 12    Int: 27    God:    Vehumet [**....]
Gold:   767        SH:  6    Dex: 10    Spells: 18/25 levels left

rFire   . . .      SeeInvis .   q - +7 Singing Sword {vorpal, sonic wave}
rCold   + . .      Faith    .   d - +2 buckler
rNeg    . . .      Spirit   .   (armour unavailable)
rPois   +          Reflect  .   (helmet restricted)
rElec   .          Harm     .   (no cloak)
rCorr   .          Rampage  .   (no gloves)
Will    .....                   A - +0 pair of boots
Stlth   ++........              J - amulet of regeneration
HPRegen 1.25/turn               f - ring of protection from cold
MPRegen 0.18/turn               D - +6 ring of intelligence

@: no status effects
A: breathe noxious fumes, AC +7, unfitting armour, poison resistance,
cold-blooded
a: Breathe Noxious Fumes, Renounce Religion


You were on level 8 of the Dungeon.
You worshipped Vehumet.
Vehumet was pleased with you.
You visited 2 branches of the dungeon, and saw 10 of its levels.
You also visited: Ossuary.

You collected 767 gold pieces.

Inventory:

Hand Weapons
 q - the +7 Singing Sword (weapon) {vorpal, sonic wave}
   (You found it on level 4 of the Dungeon)

   It inflicts extra damage upon your enemies.
   It radiates damaging sonic waves as it strikes, especially in combat
   involving dangerous or numerous foes.
Missiles
 m - 4 silver boomerangs (quivered)
Armour
 d - a +2 buckler (worn)
 A - a +0 pair of boots (worn)
Jewellery
 f - a ring of protection from cold (left hand)
 h - a ring of flight
 D - a +6 ring of intelligence (right hand)
 G - a ring of willpower
 I - an amulet of faith
 J - an amulet of regeneration (around neck)
Wands
 p - a wand of flame (20)
 B - a wand of digging (7)
Scrolls
 b - a scroll of immolation {unknown}
 c - a scroll of blinking {unknown}
 e - 2 scrolls of fog
 l - a scroll of fear
 r - a scroll of amnesia {unknown}
 s - a scroll of teleportation
 v - a scroll of summoning
 w - a scroll of magic mapping {unknown}
 x - a scroll of noise {unknown}
 y - a scroll of enchant armour {unknown}
 E - a scroll of vulnerability {unknown}
Potions
 a - a potion of berserk rage {unknown}
 g - a potion of curing {unknown}
 i - 7 potions of flight
 j - 2 potions of brilliance {unknown}
 k - a potion of attraction {unknown}
 n - a potion of lignification {unknown}
 o - 2 potions of haste
 t - 3 potions of heal wounds
 u - 2 potions of cancellation
 z - a potion of ambrosia {unknown}
 C - a potion of might {unknown}
 F - a potion of degeneration {unknown}
 H - a potion of mutation {unknown}


   Skills:
 + Level 8.6 Fighting
 + Level 7.8 Long Blades
 - Level 2.0 Dodging
 - Level 2.0 Stealth
 - Level 4.0 Shields
 + Level 8.4 Spellcasting
 - Level 6.0 Conjurations


You had 18 spell levels left.
You knew the following spells:

 Your Spells              Type           Power      Damage    Failure   Level
a - Magic Dart            Conj           100%       1d8       1%          1
b - Searing Ray           Conj           86%        3d6       1%          2
c - Fulminant Prism       Conj/Hex       13%        3d9       14%         4

Your spell library contained the following spells:

 Spells                   Type           Power      Damage    Failure   Level
 Sandblast                Erth           22%        2d7       4%          1
 Animate Skeleton         Necr           22%        N/A       4%          1
 Pain                     Necr           44%        1d6       4%          1
 Dazzling Flash           Conj/Hex       54%        N/A       4%          3
 Mephitic Cloud           Conj/Pois/Air  22%        N/A       7%          3
 Call Imp                 Summ           11%        N/A       8%          2
 Slow                     Hex            11%        N/A       8%          2
 Hailstorm                Conj/Ice       27%        3d7       14%         4
 Iskenderun's Mystic Bla  Conj/Tloc      27%        2d7       14%         4
 Confusing Touch          Hex            11%        N/A       16%         3
 Passage of Golubria      Tloc           N/A        N/A       45%         4
 Freezing Cloud           Conj/Ice/Air   11%        6-21      52%         5
 Silence                  Hex/Air        5%         N/A       80%         5
 Summon Forest            Summ/Tloc      5%         N/A       80%         5
 Yara's Violent Unravell  Hex/Tmut       5%         3d4       80%         5
 Simulacrum               Ice/Necr       5%         N/A       100%        6
 Malign Gateway           Summ/Tloc      5%         N/A       100%        7
 Lehudib's Crystal Spear  Conj/Erth      13%        10d5      100%        8


Dungeon Overview and Level Annotations

Branches:
Dungeon (9/15)             Temple (1/1) D:5         Ossuary (visited)
   Lair: D:8-11         Orc: D:9-12

Altars:
Ashenzari
Cheibriados
Elyvilon
Fedhas
Gozag
Makhleb
Nemelex Xobeh
Okawaru
Qazlal
Ru
Sif Muna
Trog
Uskayaw
Vehumet
Wu Jian
Xom
Yredelemnul
Zin
The Shining One

Shops:
D:1 [


Innate Abilities, Weirdness & Mutations

You can breathe blasts of noxious fumes.
Your lurid green scales are hard. (AC +7)
You cannot fit into any form of body armour.
Your system is resistant to poisons. (rPois)
You are cold-blooded and may be slowed by cold attacks.


Message History

There is a stone staircase leading up, spattered with blood here.
The troll barely misses you. The troll claws you. The troll barely misses you.
You climb upwards.
There is a stone staircase leading down here.
You closely miss the troll. You tail-slap the troll.
The troll is lightly wounded.
The troll closely misses you.
The troll claws you but does no damage. x2
You slash the troll!
The troll is heavily wounded.
The troll bites you! The troll closely misses you. The troll claws you!
You slash the troll!
The troll is severely wounded.
The troll bites you! The troll barely misses you. The troll claws you!
You closely miss the troll.
The troll is severely wounded.
The troll bites you. You block the troll's attack. The troll claws you!
* * * LOW HITPOINT WARNING * * *
Casting: Searing Ray (safe; 1% risk of failure)
Confirm with . or Enter, or press ? or * to list all spells.
Aiming: Searing Ray (safe; 1% risk of failure)
Press: ? - help, Shift-Dir - straight line, f - troll
Aim: a troll (heavily wounded, 82% to hit)
The searing ray misses the troll. (Press . to maintain the ray.)
The troll bites you!
* * * LOW HITPOINT WARNING * * *
The troll barely misses you. You block the troll's attack.
Casting: Searing Ray (safe; 1% risk of failure)
Confirm with . or Enter, or press ? or * to list all spells.
Restarting spell: Searing Ray (safe; 1% risk of failure)
Press: ? - help, Shift-Dir - straight line, f/p - troll
Aim: a troll (heavily wounded, 82% to hit)
The searing ray misses the troll. (Press . to maintain the ray.)
The troll bites you.
* * * LOW HITPOINT WARNING * * *
The troll claws you!
* * * LOW HITPOINT WARNING * * *
The troll claws you!
You die...

#.......### #.###############
#.# ###.......#
##############.# ##.#####.#
[[.[...........# #.# #.#
###.....######## #.# #.#
...............# #.# #.#
#######.##############.#####.#
#####..........T@†...........#
.......[######################
###.........# .##.........#
.##.........# .##..########
###....†...# ..########.#
###.(.[..#.#


You could see a troll.

Vanquished Creatures
  A two-headed ogre (D:8)
  A black mamba (shapeshifter) (D:8)
  8 yaks
  A steam dragon (D:6)
  A water moccasin (D:5)
  An ice beast (D:7)
  A black bear (D:5)
  2 ogres
  A sky beast (D:4)
  2 orc warriors
  2 necrophages
  A centaur (D:8)
  2 phantoms
  Blork the orc (D:5)
  A kobold brigand (D:4)
  4 bullfrogs
  3 scorpions
  A water moccasin skeleton (D:5)
  5 killer bees (D:8)
  11 wights
  3 howler monkeys
  A centaur zombie (D:7)
  A bullfrog zombie (D:6)
  3 hounds
  A bullfrog skeleton (D:4)
  3 jellies
  An orc priest (D:8)
  4 iguanas
  An orc wizard (D:8)
  8 mummies (Ossuary)
  2 howler monkey zombies
  4 gnolls (D:7)
  5 adders
  A white imp (D:5)
  An adder skeleton (D:2)
  2 adder zombies (D:2)
  2 worms
  4 dart slugs
  15 orcs
  A bat skeleton (D:2)
  A bat zombie (D:2)
  6 endoplasms
  6 giant cockroaches
  6 goblins
  4 hobgoblins
  4 jackals (D:1)
  11 kobolds
  2 quokkas (D:3)
  5 ball pythons
  A ball python zombie (D:2)
  4 bats
  4 frilled lizards
  4 hobgoblin zombies (Ossuary)
  3 kobold zombies (Ossuary)
  An orc zombie (Ossuary)
  6 rats
  3 fulminant prisms (D:9)
184 creatures vanquished.

Vanquished Creatures (others)
  4 fulminant prisms
  7 withered plants (D:2)
11 creatures vanquished.

Grand Total: 195 creatures vanquished

Notes
Turn   | Place    | Note
-------+----------+-------------------------------------------
     0 | D:1      | zluc the Draconian Conjurer began the quest for the Orb.
     0 | D:1      | Reached XP level 1. HP: 14/14 MP: 3/3
   611 | D:1      | Reached XP level 2. HP: 20/20 MP: 0/5
   671 | D:1      | Found a faded altar of an unknown god.
  1068 | D:1      | Found Edyqaef's Antique Armour Emporium.
  1255 | D:1      | Learned a level 2 spell: Searing Ray
  2141 | D:2      | Reached XP level 3. HP: 26/26 MP: 2/6
  3199 | D:3      | Reached XP level 4. HP: 33/33 MP: 0/8
  4508 | D:4      | Noticed a kobold brigand
  4513 | D:4      | Killed a kobold brigand
  4514 | D:4      | Reached skill level 1 in Shields
  4514 | D:4      | Reached skill level 5 in Conjurations
  4514 | D:4      | Reached XP level 5. HP: 35/38 MP: 1/10
  5159 | D:4      | Reached XP level 6. HP: 45/45 MP: 2/11
  5430 | D:4      | Found the +7 Singing Sword {vorpal, sonic wave}
  5562 | D:4      | Noticed an orc warrior
  5663 | D:5      | Entered Level 5 of the Dungeon
  5727 | D:5      | Found a staircase to the Ecumenical Temple.
  5729 | D:5      | Noticed Blork the orc
  5742 | D:5      | Killed Blork the orc
  5751 | Temple   | Entered the Ecumenical Temple
  5917 | Temple   | Became a worshipper of Vehumet
  5939 | D:5      | Reached skill level 1 in Fighting
  5939 | D:5      | Reached skill level 1 in Long Blades
  5939 | D:5      | Your scales start taking on a lurid green colour.
  5939 | D:5      | Reached XP level 7. HP: 31/52 MP: 8/13
  5939 | D:5      | Gained mutation: Your system is resistant to poisons.
                  | (rPois) [Green Draconian growth]
  5980 | D:5      | Learned a level 4 spell: Fulminant Prism
  6253 | D:4      | Found a blossoming altar of Fedhas.
  6253 | D:4      | Found a glowing silver altar of Zin.
  6646 | D:5      | Reached skill level 5 in Spellcasting
  6791 | D:5      | Got the Grimoire of Cold
  6913 | D:5      | Reached XP level 8. HP: 63/63 MP: 10/15
  7092 | D:5      | Found a glowing golden altar of the Shining One.
  7097 | D:5      | Found a snail-covered altar of Cheibriados.
  7097 | D:5      | Found a stormy altar of Qazlal.
  7667 | D:6      | Got the Disquisition on the Dark Compass
  7670 | D:6      | Found a sand-covered staircase.
  7676 | Ossuary  | Entered an ossuary
  7861 | Ossuary  | Reached * piety under Vehumet
  7861 | Ossuary  | Offered knowledge of Freeze by Vehumet.
  8674 | D:6      | Reached skill level 5 in Fighting
  9188 | D:7      | Reached skill level 5 in Long Blades
  9188 | D:7      | Reached XP level 9. HP: 74/74 MP: 11/18
 10288 | D:8      | Noticed a two-headed ogre
 10736 | D:8      | Offered knowledge of Sandblast by Vehumet.
 10770 | D:8      | Reached ** piety under Vehumet
 10898 | D:8      | Noticed a queen bee
 10976 | D:8      | Killed a two-headed ogre
 10977 | D:8      | Reached XP level 10. HP: 45/88 MP: 6/21
 11587 | D:8      | Noticed a harpy
 11587 | D:8      | a queen bee changed into a harpy
 11592 | D:8      | Noticed a black mamba
 11597 | D:8      | Killed a black mamba
 12063 | D:9      | Noticed a green ugly thing
 12411 | D:8      | HP: 4/90 [troll (9)]
 12411 | D:8      | Slain by a troll

Illustrated notes

Levels and vault maps discovered:
D:1:      wander_arrival_lonely_grave, layout_basic,
          shapermc_ecumenical_altar_flowoftime, serial_shops,
          nicolae_lakefront_shop
D:2:      layout_loops_ring, serial_undead, serial_undead_e, serial_undead_b,
          serial_undead_b, serial_undead_c, serial_undead_e, serial_undead_b,
          kennysheep_small_spiral, eino_tiny_chamber
D:3:      layout_basic, serial_forest, infiniplex_forest_lined_2,
          infiniplex_forest_straight_5, infiniplex_forest_clump_C,
          infiniplex_forest_straight_3, infiniplex_forest_lined_room_,
          infiniplex_forest_end_2, infiniplex_forest_clump_cross
D:4:      layout_loops_ring, gammafunk_temple_overflow_statue
D:5:      layout_basic, grunt_temple_overflow_open,
          minmay_temple_entry_drinking_statues, uniq_blork_the_orc
D:6:      layout_loops_ring, nicolae_ossuary_entry_monument
D:7:      layout_rooms
D:8:      layout_basic, serial_co_window_serial, co_window_corner_a,
          co_window_paths_b, co_window_of_opportunity_a, co_window_corner_a,
          co_window_paths_a, co_window_paths_a, co_window_paths_b,
          co_window_2corner, co_window_2corner, co_window_of_opportunity_b,
          co_window_broadway_c, co_window_2corner, co_window_2corner,
          co_window_of_opportunity_c, co_window_4corner_b
D:9:      layout_rooms, nicolae_dithmenos_the_darkroom,
          nicolae_hepliaklqana_monster_ancestors, minmay_misc_feat_iff
Temple:   zaba_magenta_temple

Skill      XL: |  1  2  3  4  5  6  7  8  9 10 |
---------------+-------------------------------+-----
Dodging        | 2 |  2.0
Stealth        | 2 |  2.0
Spellcasting   | 3 4 5 6 7 8 |  8.4
Shields        | 1 2 3 4 |  4.0
Conjurations   | 5 6 |  6.0
Fighting       | 1 3 5 7 8 |  8.6
Long Blades    | 1 2 5 6 7 |  7.8

Action                   |  1- 3 |  4- 6 |  7- 9 | 10-12 || total
-------------------------+-------+-------+-------+-------++-------
Melee: Unarmed           |    16 |       |       |       ||    16
       Tailslap          |     2 |       |     4 |     2 ||     8
       Whip              |       |     4 |       |       ||     4
       Double sword      |       |     1 |    25 |    10 ||    36
Throw: Stone             |    13 |       |       |       ||    13
 Cast: Magic Dart        |    94 |    41 |   141 |    18 ||   294
       Searing Ray       |     3 |    19 |    69 |    33 ||   124
       Fulminant Prism   |       |       |     1 |     6 ||     7
  Use: Scroll            |       |       |     9 |       ||     9
Armor: Skin              |    22 |     2 |    21 |    13 ||    58
Dodge: Dodged            |    44 |     7 |    23 |    19 ||    93
Block: Buckler           |       |     4 |    21 |    18 ||    43
       Rpst.: Double sword |       |     1 |     8 |     4 ||    13

Table legend: (Time is in decaauts)
 A = Elapsed time spent in this place.
 B = Non-inter-level travel time spent in this place.
 C = Inter-level travel time spent in this place.
 D = Time resting spent in this place.
 E = Time spent auto-exploring this place.
 F = Levels seen in this place.
 G = Mean time per level.
                   A        B        C        D        E       F      G
               +--------+--------+--------+--------+--------+-----+--------+
         Total |  12431 |  12032 |    399 |   2255 |   7741 |  11 | 1130.1 |
       Dungeon |  11659 |  11260 |    399 |   2122 |   7319 |   9 | 1295.4 |
        Temple |    183 |    183 |      0 |      0 |    107 |   1 |  183.0 |
       Ossuary |    587 |    587 |      0 |    133 |    315 |   1 |  587.0 |
               +--------+--------+--------+--------+--------+-----+--------+

Top non-repeatable levels by time:
     D:8: 2453 daAuts
     D:1: 1942 daAuts
     D:4: 1648 daAuts
     D:3: 1306 daAuts
     D:5: 1247 daAuts
     D:2: 1188 daAuts
     D:6: 1031 daAuts
     D:7: 795 daAuts
 Ossuary: 587 daAuts
  Temple: 183 daAuts
     D:9: 45 daAuts
